 Dungeon Crawl Stone Soup version 0.21.0-3-g78d12a8 (webtiles) character file.

276822 theElss the Warrior (level 20, -19/140 HPs)
             Began as a Gargoyle Berserker on Jan 17, 2018.
             Was the Champion of Trog.
             Blown up by a lich (88 damage)
             ... with an orb of destruction
             ... on level 2 of the Depths.
             The game lasted 02:50:21 (36269 turns).

theElss the Warrior (Gargoyle Berserker)           Turns: 36269, Time: 02:50:22

Health: -19/140    AC: 49    Str: 32    XL:     20   Next: 38%
Magic:  20/20      EV: 12    Int:  8    God:    Trog [******]
Gold:   2328       SH: 18    Dex: 10    Spells: 19/19 levels left

rFire    . . .     SeeInvis +   H - +5 eveningstar (protect)
rCold    . . .     Gourm    +   D - +2 shield {reflect}
rNeg     + . .     Faith    .   X - +9 plate armour of Past Mistakes {MR+ Str+3 Stlth+}
rPois    ∞         Spirit   .   (no helmet)
rElec    +         Reflect  +   C - +1 cloak {rPois}
rCorr    .         Harm     .   d - +1 pair of gloves
MR       ++...                  U - +1 pair of boots {run}
Stlth    ..........             m - amulet of the gourmand
HPRegen  0.33/turn              f - +4 ring of slaying
MPRegen  0.17/turn              k - ring of see invisible

@: flying, quick
A: big wings, negative energy resistance 1, electricity resistance, unbreathing,
petrification resistance, rot immunity, AC +15
}: 2/15 runes: decaying, serpentine
a: Stop Flying, Berserk, Trog's Hand, Brothers in Arms, Burn Spellbooks,
Renounce Religion


You were on level 2 of the Depths.
You worshipped Trog.
Trog was exalted by your worship.
You were completely stuffed.

You visited 6 branches of the dungeon, and saw 33 of its levels.
You also visited: Labyrinth, Bailey and Ice Cave.

You collected 3955 gold pieces.
You spent 1627 gold pieces at shops.

Inventory:

Hand Weapons
 a - the +5 demon whip of the Skies Above {drain, rElec rC+ Str+2}
   (Trog gifted it to you on level 14 of the Dungeon)

   A truly terrible weapon, it drains the life of those it strikes.
   It affects your strength (+2).
   It protects you from cold.
   It insulates you from electricity.
 b - the +8 hunting sling of Syahownurph {velocity, rC- MR+ Dex+3}
   (Trog gifted it to you on level 4 of the Swamp)

   Any stone fired from it inflicts extra damage.
   It affects your dexterity (+3).
   It makes you vulnerable to cold.
   It affects your resistance to hostile enchantments.
 H - a +5 eveningstar of protection (weapon)
 O - the +1 hunting sling of Luinis {freeze, rN+ Str+2 Stlth+}
   (You found it in a labyrinth)

   It causes projectiles fired from it to freeze those they strike, causing
   extra injury to most foes and up to half again as much damage against
   particularly susceptible opponents.
   They can also slow down cold-blooded creatures.
   It affects your strength (+2).
   It protects you from negative energy.
   It makes you more stealthy.
Missiles
 w - 356 stones (quivered)
 Z - 73 sling bullets
Armour
 d - a +1 pair of gloves (worn)
 C - a +1 cloak of poison resistance (worn)
 D - a +2 shield of reflection (worn)
 E - a +0 large shield
 T - the +9 ice dragon scales of the Shining Light {rPois rF- rC++ MR+ Regen+ Dex-5}
   (You found it in an ice cave)

   It affects your dexterity (-5).
   It makes you vulnerable to fire.
   It greatly protects you from cold.
   It protects you from poison.
   It affects your resistance to hostile enchantments.
   It increases your rate of regeneration.
 U - a +1 pair of boots of running (worn)
 X - the +9 plate armour of Past Mistakes (worn) {MR+ Str+3 Stlth+}
   (You bought it in a shop on level 1 of the Depths)

   It affects your strength (+3).
   It affects your resistance to hostile enchantments.
   It makes you more stealthy.
Jewellery
 f - a +4 ring of slaying (left hand)
 k - a ring of see invisible (right hand)
 m - an amulet of the gourmand (around neck)
 n - a cursed amulet of magic regeneration {unknown}
 p - an uncursed ring of fire
 x - a +3 ring of protection
 G - an uncursed ring of protection from magic
 I - a +3 ring of dexterity
 J - the ring "Waniqet" {rC+ rN+ Int+5 Dex-3}
   (You took it off an ogre mage on level 14 of the Dungeon)

   [ring of protection from cold]

   It affects your intelligence (+5).
   It affects your dexterity (-3).
   It protects you from cold.
   It protects you from negative energy.
 S - an uncursed amulet of faith {unknown}
 Y - an uncursed amulet of regeneration {unknown}
Wands
 B - a wand of acid (8)
 M - a wand of enslavement (33)
 N - a wand of disintegration (16)
 Q - a wand of digging (9)
Scrolls
 e - 13 scrolls of teleportation
 h - 12 scrolls of remove curse
 i - 4 scrolls of fog
 o - 3 scrolls of magic mapping
 r - 2 scrolls of silence {unknown}
 s - 4 scrolls of enchant weapon
 y - 2 scrolls of blinking
 z - 3 scrolls of summoning
 K - 18 scrolls of identify
 L - 10 scrolls of fear
 P - a scroll of enchant armour
 V - a scroll of torment {unknown}
Potions
 g - 11 potions of curing
 l - 7 potions of brilliance
 q - 2 potions of invisibility {unknown}
 t - a potion of might
 u - a potion of resistance {unknown}
 v - 4 potions of agility
 A - 3 potions of magic
 F - 3 potions of haste
 W - 3 potions of heal wounds
Books
 R - a book of Misfortune

   Spells                             Type                      Level
   a - Confusing Touch                Hexes                        1
   b - Confuse                        Hexes                        3
   c - Gell's Gravitas                Translocation                3
   d - Petrify                        Transmutation/Earth          4
   e - Metabolic Englaciation         Hexes/Ice                    5
   f - Yara's Violent Unravelling     Hexes/Transmutation          5
   Trog disapproves of the use of such an item.
Comestibles
 c - 64 rations
 j - 10 chunks of flesh


   Skills:
 + Level 19.7 Fighting
 - Level 16.0 Maces & Flails
 + Level 8.6 Slings
 * Level 15.5 Armour
 + Level 9.6 Dodging
 + Level 18.1 Shields


You had 19 spell levels left.
You didn't know any spells.

Dungeon Overview and Level Annotations

Branches:
Dungeon (15/15)            Temple (0/1) D:4            Lair (6/6) D:9
  Swamp (4/4) Lair:3        Snake (4/4) Lair:2        Slime (0/5) Lair:5
    Orc (2/2) D:9             Elf (0/3) Orc:2        Vaults (0/5) D:13
 Depths (2/5) D:15

Altars:
Cheibriados
Elyvilon
Gozag
Hepliaklqana
Sif Muna
Trog
Vehumet
Wu Jian
Zin

Shops:
D:11 :   Orc:2 *}=(   Depths:1 [*?

Portals:
Hell: Depths:1 Depths:2
Abyss: Depths:1 Depths:2
Pandemonium: Depths:1


Innate Abilities, Weirdness & Mutations

You are resistant to torment.
Your stone body is resilient. (AC +15)
You are immune to poison.
Your large and strong wings let you fly indefinitely.
You resist negative energy. (rN+)
You are resistant to electric shocks. (rElec)
You can survive without breathing.
You are immune to petrification.
You are immune to rotting.


Message History

Things that are here:
a giant spiked club; a robe; an ogre corpse
Things that are here:
a spear of freezing; a shiny buckler; a ring of loudness You feel yourself speed up.
You see here a large rock.
You see here a large rock.
You see here a large rock.
You recover from your berserk rage.
A lich comes into view.
There is an open door here.
The lich shouts!
The lich launches a ball of destructive magic.
An orb of destruction comes into view.
The orb of destruction hits you!
The lich launches a ball of destructive magic.
An orb of destruction comes into view.
The orb of destruction hits you!
Ouch! That really hurt!
You die...

#................
#.############### #.# # #># #
#####'### # #(..>...######## #
###### #.(..............# ##
#....# #................# #.
#....# #..<@............###.
#)(..#####...§............#≈.#
#....(((.'...§........... #≈#§
#######.#####...§L.(.....#
#≈≈§ ........# #...#.§((....#
##.≈ .####..## ##...#....[<..#
#≈≈≈ .....P## #....'..(.[...#
#≈≈≈ ...P.P# #....#..(.....#
#≈≈( .....P# #.......#######
##≈†


You could see a lich.

Vanquished Creatures
  Saint Roka (Depths:1)
  The ghost of Stormphoenix the Slayer, a veteran GrFi of Okawaru (Depths:1)
  A lich (Depths:1)
  Rupert (Lair:6)
  The ghost of Gorglomux the Lord of Darkness, an adept DENe of Kikubaaqudgha (Depths:2)
  The ghost of Tiamon the Tortoise, an adept MiFi of Okawaru (Swamp:4)
  A thorn hunter (Swamp:4)
  8 nagarajas
  Donald (Swamp:2)
  2 frost giants
  An orc warlord (Orc:2)
  Louise (Swamp:3)
  2 stone giants (Depths:2)
  4 very ugly things
  A dire elephant (Depths:2)
  Snorg (D:13)
  3 ettins (Depths:1)
  2 green deaths (Swamp:4)
  A death ooze (Swamp:4)
  A minotaur (Lab)
  4 fire dragons
  Josephine (D:13)
  2 great orbs of eyes (Depths:2)
  3 ice dragons (Depths:1)
  4 vault guards (D:13)
  A ghost crab (Swamp:2)
  2 hell beasts (Swamp:4)
  A spriggan air mage (Depths:2)
  17 naga warriors
  4 centaur warriors
  21 hydras
  8 anacondas
  A catoblepas (Depths:2)
  The ghost of matthes123 the Cleaver, a novice MiFi of Yredelemnul (D:10)
  Erica (D:11)
  3 ogre magi
  A death knight (D:14)
  3 deep troll shamans
  8 alligators
  18 two-headed ogres
  10 naga sharpshooters
  5 orc high priests
  A deep troll earth mage (D:15)
  7 tengu warriors
  A spriggan berserker (Depths:2)
  Sonja (D:13)
  5 shock serpents
  3 salamander mystics (Snake:4)
  3 skeletal warriors
  3 sea snakes (Snake:3)
  An iron troll (Depths:1)
  2 unseen horrors (D:15)
  3 spriggan druids
  5 deep trolls (Depths:1)
  2 glowing orange brains (Depths:1)
  3 shambling mangroves (Swamp:3)
  5 lindwurms
  2 spark wasp zombies
  2 wizards
  14 swamp dragons
  A phantasmal warrior (D:14)
  2 glowing orange brains (shapeshifter)
  3 necromancers
  8 orc knights
  A wolf spider zombie (D:13)
  4 naga ritualists
  3 deep elf magi
  2 tengu skeletons
  6 orc sorcerers
  9 ugly things
  5 cyclopes
  16 mana vipers
  7 salamanders
  2 manticores
  A frost giant skeleton (D:15)
  A moth of wrath (shapeshifter) (Depths:1)
  8 elephants (Lair:3)
  4 ice statues
  A frost giant zombie (D:15)
  14 guardian serpents
  26 black mambas
  Psyche (D:12)
  29 naga magi
  Maurice (D:12)
  A centaur skeleton (D:14)
  23 spiny frogs
  6 kobold demonologists
  9 komodo dragons
  A freezing wraith (D:14)
  A yaktaur (Depths:1)
  A rime drake (Lair:4)
  An efreet (D:15)
  4 tengu conjurers
  A large abomination (Swamp:4)
  4 polar bears (Lair:6)
  10 tyrant leeches
  6 meliai (D:15)
  10 trolls
  A polar bear (shapeshifter) (D:14)
  51 slime creatures
  The ghost of Ratty the Charlatan, an amateur GnAr of Fedhas (D:4)
  14 hornets
  13 bog bodies
  10 dream sheep (Lair:6)
  11 blink frogs
  A hippogriff (shapeshifter) (D:15)
  6 hippogriffs
  2 water elementals (Depths:1)
  27 spriggans
  Sigmund (D:4)
  6 shadows
  A human (shapeshifter) (Depths:1)
  7 wraiths
  A vampire (D:13)
  7 wyverns
  49 yaks
  3 basilisks
  3 fire bats (Lair:2)
  17 vampire mosquitoes
  2 hungry ghosts
  5 wargs
  A soldier ant (D:12)
  6 insubstantial wisps (Swamp:3)
  13 swamp worms
  An acid dragon (D:12)
  47 nagas
  8 porcupines
  17 water moccasins
  9 swamp drakes
  9 black bears
  33 orc warriors
  3 phantoms
  A hornet zombie (D:14)
  14 ice beasts
  5 sky beasts
  4 eyes of draining
  34 wolves
  20 ogres
  10 boggarts
  3 centaurs
  10 crocodiles
  15 big kobolds
  16 bullfrogs
  8 gnoll sergeants (Bailey)
  A wyvern skeleton (D:13)
  2 scorpions
  18 killer bees
  8 wights
  2 howler monkeys
  5 electric eels
  9 crimson imps
  2 bullfrog zombies (D:13)
  13 hounds
  3 jellies
  6 gnoll shamans (Bailey)
  27 orc priests
  4 bullfrog skeletons
  26 orc wizards
  3 iguanas
  11 worker ants
  4 polar bear simulacra (Lair:6)
  3 wolf simulacra (Lair:6)
  A yak simulacrum (Lair:6)
  A hound zombie (D:8)
  2 hound skeletons
  A worker ant zombie (D:5)
  10 adders
  17 gnolls
  3 shadow imps
  6 oozes
  An adder zombie (D:5)
  6 worms
  4 leopard geckos
  73 orcs
  2 ball pythons
  6 giant cockroaches
  7 goblins
  4 hobgoblins
  7 jackals (D:2)
  4 quokkas
  4 bats
  4 frilled lizards
  A jackal zombie (D:7)
  16 kobolds
  A quokka zombie (D:7)
  9 rats
  3 river rat simulacra (Lair:6)
1316 creatures vanquished.

Vanquished Creatures (collateral kills)
  A two-headed ogre (D:7)
  An orc wizard (D:7)
  An orc (D:7)
  2 goblins (D:7)
5 creatures vanquished.

Vanquished Creatures (others)
  A naga sharpshooter (Snake:4)
  A salamander mystic (Snake:4)
  A yaktaur (Depths:1)
  A hornet (Swamp:2)
  A spriggan (Swamp:2)
  A naga (Snake:3)
  A leopard gecko (D:9)
  3 orcs
  A bush (Depths:2)
  6 fungi
  22 plants
39 creatures vanquished.

Grand Total: 1360 creatures vanquished

Notes
Turn   | Place    | Note
-------+----------+-------------------------------------------
     0 | D:1      | theElss the Gargoyle Berserker began the quest for the Orb.
     0 | D:1      | Reached XP level 1. HP: 14/14 MP: 1/1
   108 | D:1      | Reached XP level 2. HP: 19/19 MP: 2/2
   636 | D:2      | Reached XP level 3. HP: 18/24 MP: 3/3
   804 | D:2      | Reached skill level 4 in Fighting
   868 | D:2      | Reached ** piety under Trog
   908 | D:2      | Reached XP level 4. HP: 29/29 MP: 4/4
  1018 | D:2      | Noticed a centaur
  1026 | D:2      | Killed a centaur
  1026 | D:2      | Reached XP level 5. HP: 27/34 MP: 5/5
  1716 | D:3      | Found a deep blue altar of Sif Muna.
  1719 | D:3      | Found a glowing silver altar of Zin.
  1733 | D:3      | Found a white marble altar of Elyvilon.
  1788 | D:3      | Noticed an ogre
  1795 | D:3      | Killed an ogre
  1795 | D:3      | Reached skill level 5 in Maces & Flails
  1795 | D:3      | Reached XP level 6. HP: 39/39 MP: 6/6
  2018 | D:3      | Found a bloodstained altar of Trog.
  2071 | D:3      | Found an ornate altar of the Wu Jian Council.
  2210 | D:4      | Noticed Ratty's ghost (amateur GnAr)
  2234 | D:4      | Killed Ratty's ghost
  2234 | D:4      | Reached skill level 5 in Fighting
  2234 | D:4      | Reached XP level 7. HP: 32/44 MP: 7/7
  2553 | D:4      | Reached skill level 1 in Shields
  2567 | D:4      | Found a staircase to the Ecumenical Temple.
  2966 | D:4      | Noticed Sigmund
  2979 | D:4      | Killed Sigmund
  2979 | D:4      | Reached skill level 5 in Shields
  2979 | D:4      | Reached XP level 8. HP: 49/49 MP: 8/8
  3117 | D:5      | Entered Level 5 of the Dungeon
  3132 | D:5      | Found a radiant altar of Vehumet.
  3132 | D:5      | Found an opulent altar of Gozag.
  3500 | D:5      | Reached *** piety under Trog
  3594 | D:5      | Reached skill level 5 in Armour
  4061 | D:6      | Found a hazy altar of Hepliaklqana.
  4087 | D:6      | Reached XP level 9. HP: 53/55 MP: 9/9
  4113 | D:6      | Reached skill level 6 in Fighting
  4124 | D:6      | Found a snail-covered altar of Cheibriados.
  4292 | D:6      | Identified the Compendium of Shifting Companions
  4770 | D:7      | Reached **** piety under Trog
  4993 | D:7      | Found a flagged portal.
  5002 | D:7      | Noticed a two-headed ogre
  5020 | D:7      | Killed a two-headed ogre
  5020 | D:7      | Reached skill level 7 in Fighting
  5020 | D:7      | Reached XP level 10. HP: 28/63 MP: 10/10
  5080 | Bailey   | Entered a bailey
  5521 | Bailey   | Reached skill level 10 in Maces & Flails
  6765 | D:7      | Noticed a two-headed ogre
  6779 | D:7      | Killed a two-headed ogre
  7253 | D:8      | Reached skill level 8 in Fighting
  7262 | D:8      | Reached ***** piety under Trog
  7262 | D:8      | Received a gift from Trog
  7589 | D:8      | Reached XP level 11. HP: 58/68 MP: 11/11
  7595 | D:8      | Received a gift from Trog
  8356 | D:9      | Found a staircase to the Lair.
  8517 | D:9      | Found a staircase to the Orcish Mines.
  8834 | D:10     | Entered Level 10 of the Dungeon
  8972 | D:10     | Found an opulent altar of Gozag.
  9052 | D:10     | Reached skill level 9 in Fighting
  9158 | D:10     | Noticed matthes123's ghost (novice MiFi)
  9207 | D:10     | Killed matthes123's ghost
  9887 | D:11     | Noticed a manticore
  9903 | D:11     | Reached skill level 10 in Armour
  9912 | D:11     | Killed a manticore
 10012 | D:11     | Noticed a seven-headed hydra
 10018 | D:11     | Killed a seven-headed hydra
 10141 | D:11     | Noticed Erica
 10152 | D:11     | Killed Erica
 10275 | D:11     | Found Demmeon's Book Shop.
 10561 | D:12     | Found a frozen archway.
 10635 | IceCv    | Entered an ice cave
 10668 | IceCv    | Reached XP level 12. HP: 77/77 MP: 12/12
 10767 | IceCv    | Reached skill level 10 in Fighting
 11110 | IceCv    | Got heavily runed ice dragon scales
 11146 | IceCv    | Identified a +1 pair of boots of running (You found it in an ice cave)
 11156 | IceCv    | Identified the +9 ice dragon scales of the Shining Light {rPois rF- rC++ MR+ Regen+ Dex-5} (You found it in an ice cave)
 11344 | D:12     | Noticed Psyche
 11365 | D:12     | Killed Psyche
 11563 | D:12     | Identified the Guide on Clay and Summoning
 11673 | D:12     | Noticed Maurice
 11693 | D:12     | Killed Maurice
 11693 | D:12     | Received a gift from Trog
 11734 | D:12     | Noticed a two-headed ogre
 11741 | D:12     | Killed a two-headed ogre
 11834 | D:12     | Reached skill level 11 in Fighting
 11995 | D:12     | Noticed a tengu warrior
 12004 | D:12     | Killed a tengu warrior
 12143 | D:13     | Noticed a tengu warrior
 12144 | D:13     | Noticed a six-headed hydra
 12162 | D:13     | Killed a tengu warrior
 12165 | D:13     | Killed a six-headed hydra
 12295 | D:13     | Noticed an eight-headed hydra
 12300 | D:13     | Killed an eight-headed hydra
 12300 | D:13     | Reached skill level 12 in Fighting
 12329 | D:13     | Found a gate to the Vaults.
 12329 | D:13     | Noticed a vault guard
 12329 | D:13     | Noticed a vault guard
 12329 | D:13     | Noticed a vault guard
 12330 | D:13     | Noticed a vault guard
 12369 | D:13     | Reached XP level 13. HP: 82/86 MP: 13/13
 12378 | D:13     | Killed a vault guard
 12379 | D:13     | Killed a vault guard
 12391 | D:13     | Killed a vault guard
 12411 | D:13     | Killed a vault guard
 12411 | D:13     | Reached skill level 13 in Fighting
 12436 | D:13     | Noticed Josephine
 12446 | D:13     | Killed Josephine
 12480 | D:13     | Noticed Snorg
 12503 | D:13     | Killed Snorg
 12837 | D:13     | Reached skill level 14 in Fighting
 13097 | D:13     | Noticed Sonja
 13101 | D:13     | Killed Sonja
 13387 | Lair:1   | Entered Level 1 of the Lair of Beasts
 14728 | Lair:2   | Reached ****** piety under Trog
 14772 | Lair:2   | Received a gift from Trog
 14800 | Lair:2   | Gained mutation: Your large and strong wings let you fly indefinitely. [Gargoyle growth]
 14800 | Lair:2   | Reached XP level 14. HP: 69/96 MP: 14/14
 14862 | Lair:2   | Found a staircase to the Snake Pit.
 15760 | Lair:3   | Reached skill level 10 in Shields
 16151 | Lair:3   | Found a staircase to the Swamp.
 16896 | Lair:4   | Received a gift from Trog
 17648 | Lair:5   | Found a labyrinth entrance.
 17669 | Lab      | Entered a labyrinth
 18582 | Lab      | Got a twisted hunting sling
 18619 | Lair:5   | Found a staircase to the Slime Pits.
 18969 | Lair:6   | Entered Level 6 of the Lair of Beasts
 19095 | Lair:6   | Reached XP level 15. HP: 101/101 MP: 15/15
 19637 | Lair:6   | Reached skill level 15 in Shields
 20161 | Lair:6   | Received a gift from Trog
 20166 | Lair:6   | Reached skill level 5 in Dodging
 20491 | Lair:6   | Noticed Rupert
 20537 | Lair:6   | Killed Rupert
 20537 | Lair:6   | Reached skill level 15 in Fighting
 20821 | Orc:1    | Entered Level 1 of the Orcish Mines
 21101 | Orc:2    | Entered Level 2 of the Orcish Mines
 21475 | Orc:1    | Received a gift from Trog
 21643 | Orc:1    | Received a gift from Trog
 21871 | Orc:2    | Noticed an orc warlord
 21893 | Orc:2    | Killed an orc warlord
 21994 | Orc:2    | Found a staircase to the Elven Halls.
 22133 | Orc:2    | Reached XP level 16. HP: 43/110 MP: 5/16
 22270 | Orc:2    | Found Soelemn's Gadget Boutique.
 22270 | Orc:2    | Found Yqeulenn's General Store.
 22275 | Orc:2    | Reached skill level 16 in Fighting
 22283 | Orc:2    | Found Goraepro's Jewellery Shoppe.
 22283 | Orc:2    | Found Peiwn's Antique Weapon Boutique.
 22291 | Orc:2    | Bought an uncursed ring of see invisible for 225 gold pieces
 22291 | Orc:2    | Bought an uncursed amulet of the gourmand for 450 gold pieces
 23234 | D:14     | Received a gift from Trog
 23247 | D:14     | Got an encrusted demon whip {god gift}
 23252 | D:14     | Identified the +5 demon whip of the Skies Above {drain, rElec rC+ Str+2} (Trog gifted it to you on level 14 of the Dungeon)
 23667 | D:14     | Got a flickering platinum ring
 23990 | D:14     | Identified the ring "Waniqet" {rC+ rN+ Int+5 Dex-3} (You took it off an ogre mage on level 14 of the Dungeon)
 23996 | D:14     | Identified 2 scrolls of acquirement
 24048 | D:14     | Got a polished short sword {venom}
 24051 | D:14     | Got a fine battleaxe {holy}
 24052 | D:14     | Identified the +7 short sword "Fyoguun" {venom, rPois Str+5 Int+3 Stlth-} (You took it off a deep elf mage on level 14 of the Dungeon)
 24053 | D:14     | Identified the +1 hunting sling of Luinis {freeze, rN+ Str+2 Stlth+} (You found it in a labyrinth)
 24059 | D:14     | Identified the +7 battleaxe of Fedhas's Castigation {holy, rElec SInv} (You took it off a tengu warrior on level 14 of the Dungeon)
 24184 | D:15     | Entered Level 15 of the Dungeon
 24216 | D:15     | Found a staircase to the Depths.
 24308 | D:15     | Reached skill level 17 in Fighting
 24520 | D:15     | Got a twisted falchion
 24521 | D:15     | Identified the +5 falchion "Dragon's Tongue" {freeze, rElec} (You found it on level 15 of the Dungeon)
 24598 | D:15     | Got a transparent dagger {freeze}
 24758 | D:15     | Received a gift from Trog
 24758 | D:15     | Reached skill level 1 in Slings
 25430 | Lair:2   | Identified the +10 dagger "Coanludd" {freeze, Str+3} (You took it off a meliai on level 15 of the Dungeon)
 25524 | Swamp:1  | Entered Level 1 of the Swamp
 25867 | Swamp:1  | Reached XP level 17. HP: 119/119 MP: 17/17
 26454 | Swamp:2  | Noticed Donald
 26485 | Swamp:2  | Killed Donald
 26485 | Swamp:2  | Reached skill level 18 in Fighting
 27038 | Swamp:3  | Received a gift from Trog
 27219 | Swamp:3  | Noticed Louise
 27243 | Swamp:3  | Killed Louise
 27687 | Swamp:4  | Entered Level 4 of the Swamp
 27732 | Swamp:4  | Noticed Tiamon's ghost (adept MiFi)
 27880 | Swamp:4  | Killed Tiamon's ghost
 27977 | Swamp:4  | Received a gift from Trog
 28016 | Swamp:4  | Reached skill level 15 in Maces & Flails
 28728 | Swamp:4  | Reached XP level 18. HP: 126/126 MP: 18/18
 28758 | Swamp:4  | Reached skill level 5 in Slings
 28837 | Swamp:4  | Received a gift from Trog
 28840 | Swamp:4  | Got a crystal hunting sling {god gift}
 28841 | Swamp:4  | Identified the +8 hunting sling of Syahownurph {velocity, rC- MR+ Dex+3} (Trog gifted it to you on level 4 of the Swamp)
 28958 | Swamp:4  | Got a decaying rune of Zot
 29141 | Snake:1  | Entered Level 1 of the Snake Pit
 30222 | Snake:2  | You are sucked into a shaft!
 30320 | Snake:3  | Received a gift from Trog
 31435 | Snake:4  | Entered Level 4 of the Snake Pit
 31479 | Snake:4  | Received a gift from Trog
 31632 | Snake:4  | Received a gift from Trog
 31887 | Snake:4  | Received a gift from Trog
 31901 | Snake:4  | Reached XP level 19. HP: 131/131 MP: 19/19
 32334 | Snake:4  | Received a gift from Trog
 32906 | Snake:4  | Got a serpentine rune of Zot
 33250 | Depths:1 | Entered Level 1 of the Depths
 33255 | Depths:1 | Found a one-way gate to the infinite horrors of the Abyss.
 33280 | Depths:1 | Reached skill level 19 in Fighting
 33287 | Depths:1 | Noticed a lich
 33428 | Depths:1 | Killed a lich
 33464 | Depths:1 | Found Ruywk's Antique Armour Emporium.
 33468 | Depths:1 | Bought a smelly plate armour for 952 gold pieces
 33479 | Depths:1 | Identified the +9 plate armour of Past Mistakes {MR+ Str+3 Stlth+} (You bought it in a shop on level 1 of the Depths)
 33992 | Depths:1 | Received a gift from Trog
 33992 | Depths:1 | Reached skill level 15 in Armour
 34098 | Depths:1 | Found a one-way gate leading to the halls of Pandemonium.
 34132 | Depths:1 | Found Hutz's Assorted Antiques.
 34132 | Depths:1 | Noticed Saint Roka
 34274 | Depths:1 | Killed Saint Roka
 34338 | Depths:1 | Noticed Stormphoenix's ghost (veteran GrFi)
 34374 | Depths:2 | Received a gift from Trog
 34431 | Depths:1 | Found a gateway to Hell.
 34558 | Depths:1 | Reached XP level 20. HP: 82/139 MP: 20/20
 34744 | Depths:2 | Noticed Gorglomux's ghost (adept DENe)
 34763 | Depths:2 | Killed Gorglomux's ghost
 35363 | Depths:1 | Found Umnuny's Magic Scroll Emporium.
 35457 | Depths:1 | Found a one-way gate to the infinite horrors of the Abyss.
 35484 | Depths:1 | Found Ruywk's Antique Armour Emporium.
 35533 | Depths:1 | Found Hutz's Assorted Antiques.
 35827 | Depths:1 | Killed Stormphoenix's ghost
 36031 | Depths:2 | Received a gift from Trog
 36189 | Depths:2 | Received a gift from Trog
 36265 | Depths:2 | Noticed a lich
 36269 | Depths:2 | Blown up by a lich

Skill      XL: |  1  2  3  4  5  6  7  8  9 10 11 12 13 14 15 16 17 18 19 20 |
---------------+-------------------------------------------------------------+-----
Fighting       | 4 5 7 8 9 12 14 15 17 18 19 | 19.7
Maces & Flails | 4 5 7 9 11 12 14 16 | 16.0
Dodging        | 2 3 4 6 8 9 |  9.6
Armour         | 3 5 7 9 10 11 12 13 14 15 | 15.5
Shields        | 5 8 13 15 16 17 18 | 18.1
Slings         | 2 4 8 |  8.6

Action                   |  1- 3 |  4- 6 |  7- 9 | 10-12 | 13-15 | 16-18 | 19-21 || total
-------------------------+-------+-------+-------+-------+-------+-------+-------++-------
Melee: Mace              |    47 |       |       |       |       |       |       ||    47
       Whip              |    59 |    88 |   488 |   572 |    58 |       |       ||  1265
       Dire flail        |       |       |       |   616 |   685 |       |       ||  1301
       Flail             |       |       |       |       |   710 |       |       ||   710
       Morningstar       |       |       |       |       |   378 |    88 |       ||   466
       Demon whip        |       |       |       |       |       |   950 |       ||   950
       Eveningstar       |       |       |       |       |       |   783 |   790 ||  1573
Invok: Berserk           |     1 |     3 |     4 |     9 |     5 |     4 |     5 ||    31
       Trog's Hand       |       |       |     2 |     1 |     1 |       |     1 ||     5
       Brothers in Arms  |       |       |     1 |       |       |       |       ||     1
 Abil: Fly               |       |       |       |       |     1 |       |       ||     1
  Use: Scroll            |       |       |       |    11 |    15 |     4 |       ||    30
 Stab: Distracted        |       |       |       |       |       |     1 |       ||     1
       Confused          |       |       |       |       |       |     1 |       ||     1
  Eat: Chunk             |     1 |     6 |    14 |    32 |    34 |    39 |    24 ||   150
       Ration            |       |       |       |     1 |     1 |       |       ||     2
Armor: Animal skin       |    31 |       |       |       |       |       |       ||    31
       Chain mail        |       |    24 |       |       |       |       |       ||    24
       Plate armour      |       |    14 |   236 |   265 |       |       |   151 ||   666
       Crystal plate arm |       |       |       |   354 |       |       |       ||   354
       Ice dragon scales |       |       |       |    97 |  1175 |   838 |   196 ||  2306
Dodge: Dodged            |    65 |    26 |   108 |   342 |   806 |   605 |   169 ||  2121
Block: Buckler           |       |       |    50 |    90 |       |       |       ||   140
       Shield            |       |       |       |       |   357 |  1126 |   476 ||  1959
       Reflection        |       |       |       |       |       |    57 |    51 ||   108
